 Dungeon Crawl Stone Soup version 0.26.1-11-gd32895ea62 (webtiles) character file.

Game seed: 11537600875583427376

445 buriedalive the Chiller (level 6, -2/32 HPs)
             Began as a Deep Elf Ice Elementalist on June 2, 2021.
             Slain by a sky beast (5 damage)
             ... on level 5 of the Dungeon.
             The game lasted 00:11:06 (6621 turns).

buriedalive the Chiller (Deep Elf Ice Elementalist) Turns: 6621, Time: 00:11:08

Health: -2/32      AC: 14    Str:  5    XL:     6   Next: 72%
Magic:  7/12       EV: 16    Int: 22    God:
Gold:   113        SH:  0    Dex: 15    Spells: 4/11 levels left

rFire    . . .     SeeInvis .   o - +1 dagger
rCold    . . .     Faith    .   (no shield)
rNeg     . . .     Spirit   .   r - +2 robe
rPois    .         Reflect  .   (no helmet)
rElec    .         Harm     .   t - +0 cloak
rCorr    .         Rampage  .   (no gloves)
Will     .....     Rnd*Tele +   n - +1 pair of boots
Stlth    ++........             (no amulet)
HPRegen  0.10/turn              g - ring of teleportation (curse)
MPRegen  0.13/turn              (no ring)

@: icy armour
A: blink, sense surroundings 1, MP-powered wands
a: Blink


You were on level 5 of the Dungeon.
You visited 1 branch of the dungeon, and saw 5 of its levels.

You collected 265 gold pieces.
You spent 152 gold pieces at shops.

Inventory:

Hand Weapons
 o - a +1 dagger (weapon)
Missiles
 e - 158 stones
 p - 2 throwing nets
Armour
 n - a +1 pair of boots (worn)
 r - a +2 robe (worn)
 t - a +0 cloak (worn)
Jewellery
 g - a cursed ring of teleportation (left hand)
Wands
 k - a wand of acid (8)
Scrolls
 b - 3 scrolls of remove curse
 c - a scroll of identify
 f - 3 scrolls of blinking
 i - a scroll of amnesia
 l - 4 scrolls of teleportation
 q - a scroll of magic mapping
Potions
 d - a potion of magic
 h - a potion of curing
 j - a potion of attraction
 m - a potion of cancellation
 u - a potion of flight


   Skills:
 + Level 6.4 Dodging
 - Level 2.4 Stealth
 - Level 3.0 Spellcasting
 + Level 7.0 Ice Magic


You had 4 spell levels left.
You knew the following spells:

 Your Spells              Type           Power        Failure   Level
a - Freeze                Ice            100%         1%          1
b - Frozen Ramparts       Ice            68%          1%          3
c - Ozocubu's Armour      Ice            34%          1%          3

Your spell library contained the following spells:

 Spells                   Type           Power        Failure   Level
 Hailstorm                Conj/Ice       18%          28%         4
 Summon Ice Beast         Ice/Summ       18%          28%         4


Dungeon Overview and Level Annotations

Branches:
Dungeon (5/15)
 Temple: D:4-7

Altars:
Xom
Zin
The Shining One

Shops:
D:4 *   D:5 *

Annotations:
D:4 1 runed translucent door, Crazy Yiuf


Innate Abilities, Weirdness & Mutations

You can translocate small distances at will.
You passively map a small area around you.
You expend magic power (3 MP) to strengthen your wands.


Message History

The wall freezes the howler monkey.
You kill the howler monkey!
Your Ice Magic skill increases to level 7!
Unknown command.
Casting: Frozen Ramparts (safe; 1% risk of failure)
Confirm with . or Enter, or press ? or * to list all spells.
You don't know that spell.
You start resting.
The frozen ramparts melt away.
You start resting.
Something hits you. Something shocks you.
* * * LOW HITPOINT WARNING * * *
Casting: Frozen Ramparts (safe; 1% risk of failure)
Confirm with . or Enter, or press ? or * to list all spells.
A film of ice covers your body!
A sky beast appears from thin air!
Reactivating autopickup.
The sky beast hits you.
* * * LOW HITPOINT WARNING * * *
The sky beast shocks you.
You die...

* *, , ##...#...## ,
... ## #.........#
....#.####.........#
....#....#.......... *
, ,
............#.......
#.......<...#...... ,
.#.................. ,
,
,........?...@Y......,
, .............###..∩.
#........†..##, ,. , ,
#.......#....... ,,* ,
........##..##... ,
,........###.# *... ,
,......... ...#* .# *
......... ..... # ,
.#.......,.?...., ,


You could see a sky beast.

Vanquished Creatures
  An ogre (D:4)
  A howler monkey (D:5)
  A hound (D:4)
  A quasit (D:5)
  An orc priest (D:3)
  2 orc wizards (D:3)
  A worker ant (D:4)
  4 adders
  An ooze (D:3)
  3 adder skeletons
  4 worms
  2 dart slugs
  6 leopard geckos
  7 orcs (D:3)
  6 bats
  6 giant cockroaches
  9 hobgoblins
  6 jackals (D:2)
  2 quokkas
  6 frilled lizards
  6 goblins
  5 kobolds
  A leopard gecko skeleton (D:4)
  6 rats
88 creatures vanquished.

Notes
Turn   | Place    | Note
-------+----------+-------------------------------------------
     0 | D:1      | buriedalive the Deep Elf Ice Elementalist began the quest
                  | for the Orb.
     0 | D:1      | Reached XP level 1. HP: 10/10 MP: 6/6
    74 | D:1      | Found a glowing golden altar of the Shining One.
   149 | D:1      | Reached XP level 2. HP: 3/15 MP: 0/8
  2094 | D:2      | Reached skill level 5 in Ice Magic
  2094 | D:2      | Reached XP level 3. HP: 16/19 MP: 6/9
  2292 | D:2      | Noticed an angel
  2293 | D:2      | Found a shimmering altar of Xom.
  2293 | D:2      | Found a glowing silver altar of Zin.
  3019 | D:2      | Learned a level 3 spell: Frozen Ramparts
  3023 | D:2      | Learned a level 3 spell: Ozocubu's Armour
  3599 | D:2      | Reached XP level 4. HP: 24/24 MP: 7/10
  4239 | D:3      | Reached XP level 5. HP: 9/28 MP: 1/11
  4535 | D:3      | Reached skill level 5 in Dodging
  4535 | D:3      | Reached skill level 6 in Ice Magic
  5125 | D:4      | Noticed an ice beast
  5147 | D:4      | Gained mutation: You passively map a small area around you.
                  | [potion of mutation]
  5147 | D:4      | Gained mutation: You expend magic power (3 MP) to
                  | strengthen your wands. [potion of mutation]
  5147 | D:4      | Gained mutation: You can translocate small distances at
                  | will. [potion of mutation]
  5718 | D:4      | Reached XP level 6. HP: 27/32 MP: 8/12
  5918 | D:4      | Found Lusigoit's General Store.
  5921 | D:4      | Bought a +2 robe for 152 gold pieces
  6237 | D:4      | Found a runed translucent door.
  6238 | D:4      | Noticed Crazy Yiuf
  6476 | D:5      | Entered Level 5 of the Dungeon
  6604 | D:5      | Found Lyvae's Luxury Loot.
  6612 | D:5      | Noticed a sky beast
  6616 | D:5      | Reached skill level 7 in Ice Magic
  6621 | D:5      | Slain by a sky beast

Illustrated notes

Levels and vault maps discovered:
D:1:      lightli_arrival_boilingwater, layout_basic, tso_metal_star
D:2:      layout_basic, grunt_temple_overflow_order_and_chaos_1
D:3:      layout_loops_cross
D:4:      layout_loops_ring, gammafunk_temple_overflow_statue, serial_shops,
          nicolae_shop_behind_doors, kennysheep_windowed_goal,
          uniq_crazy_yiuf_cottage
D:5:      layout_cave_pools, overflow_temple_1_default,
          grunt_temple_overflow_open, minmay_temple_entry_trees,
          minmay_door_square, kennysheep_another_room, nicolae_alphabet_shops,
          uniq_menkaure

Skill      XL: |  1  2  3  4  5  6 |
---------------+-------------------+-----
Dodging        | 3 4 5 6 |  6.4
Ice Magic      | 5 6 7 |  7.0
Stealth        | |  2.4
Spellcasting   | |  3.0

Action                   |  1- 3 |  4- 6 || total
-------------------------+-------+-------++-------
Melee: Unarmed           |    57 |       ||    57
       Dagger            |     1 |   107 ||   108
 Cast: Freeze            |    71 |    33 ||   104
       Frozen Ramparts   |       |    11 ||    11
       Ozocubu's Armour  |       |     6 ||     6
 Abil: Blink             |       |     1 ||     1
  Use: Scroll            |       |    10 ||    10
       Potion            |       |     8 ||     8
 Stab: Sleeping          |     3 |     9 ||    12
Armor: Robe              |    19 |    29 ||    48
Dodge: Dodged            |    93 |    99 ||   192
